Map: Bastion of the Conclave

Players

WestinTiger - Winner!

  • Race: Protoss Protoss
  • League: Gold
  • Spawn Location: 12:00

BlackNova - Winner!

  • Race: Protoss Protoss
  • Spawn Location: 0:00

Metasapien - Winner!

  • Race: Zerg Zerg
  • League: Platinum
  • Spawn Location: 12:00

Yao

  • Race: Terran Terran
  • League: Platinum
  • Spawn Location: 6:00

Fan

  • Race: Terran Terran
  • Spawn Location: 6:00

DMR

  • Race: Zerg Zerg
  • League: Platinum
  • Spawn Location: 6:00

VOD

Have the link to the VOD?

Description

Time

  • Played on: Sept. 23, 2017, 7:31 p.m.
  • Length: 13:04
Show
View Real Time Build Order
Export as new Build Order

WestinTiger Protoss - Winner!

Build Orders:  

Get SALT Encoding   

  12  0:03  Probe (Chrono Boost)  
  13  0:13  Probe (Chrono Boost)  
  14  0:24  Probe (Chrono Boost)  
  14  0:25  Pylon  
  15  0:36  Assimilator  
  15  0:39  Assimilator  
  15  0:44  Probe (Chrono Boost)  
  16  0:54  Probe (Chrono Boost)  
  17  1:05  Probe (Chrono Boost)  
  18  1:17  Nexus  
  18  1:27  Probe (Chrono Boost)  
  18  1:28  Pylon  
  19  1:37  Probe (Chrono Boost)  
  20  1:48  Probe (Chrono Boost)  
  20  1:50  Gateway  
  21  1:58  Probe (Chrono Boost)  
  22  2:05  Gateway  
  22  2:09  Probe (Chrono Boost)  
  23  2:19  Probe (Chrono Boost)  
  24  2:26  Pylon  
  24  2:30  Probe (Chrono Boost)  
  24  2:32  Probe (Chrono Boost)  
  26  2:38  Cybernetics Core  
  26  2:40  Probe (Chrono Boost)  
  27  2:49  Gateway  
  27  2:50  Probe (Chrono Boost)  
  28  3:01  Probe (Chrono Boost)  
  28  3:04  Pylon  
  29  3:11  Probe (Chrono Boost)  
  29  3:12  Warp Gate (Chrono Boost)  
  30  3:14  Stalker  
  30  3:15  Stalker  
  34  3:20  Probe  
  34  3:25  Twilight Council  
  35  3:27  Probe  
  35  3:31  Probe  
  35  3:34  Assimilator  
  37  3:37  Assimilator  
  37  3:46  Stalker  
  39  3:53  Gateway  
  39  3:54  Pylon  
  39  3:58  Pylon  
  39  4:03  Probe  
  39  4:07  Pylon  
  40  4:14  Probe  
  41  4:20  Blink (Chrono Boost)  
  41  4:26  Probe  
  43  4:38  Probe  
  43  4:39  Gateway  
  43  4:40  Gateway  
  43  4:43  Gateway  
  43  4:50  Probe  
  44  5:02  Probe  
  45  5:09  Probe, Gateway x2  
  46  5:14  Probe  
  46  5:17  Pylon  
  46  5:21  Probe  
  48  5:22  Pylon  
  48  5:23  Pylon  
  48  5:27  Probe  
  49  5:29  Forge  
  49  5:33  Probe  
  49  5:34  Forge  
  50  5:35  Stalker  
  50  5:39  Probe  
  53  5:45  Probe  
  54  5:52  Stalker x3  
  60  6:03  Protoss Ground Weapons Level 1 (Chrono Boost)  
  60  6:08  Protoss Shields Level 1 (Chrono Boost)  
  60  6:09  Charge  
  60  6:13  Stalker x3  
  66  6:20  Robotics Facility  
  66  6:26  Dark Shrine  
  66  6:30  Pylon  
  66  6:35  Stalker x2  
  70  6:53  Stalker  
  70  6:54  Stalker x4  
  80  7:16  Stalker x4  
  80  7:17  Stalker  
  90  7:52  Stalker x5  
  90  7:53  Stalker x3  
  104  8:17  Dark Templar x4  
  104  8:18  Dark Templar x3  
  110  8:57  Pylon  
  110  9:00  Pylon  
  86  9:09  Stalker x4  
  78  9:10  Stalker x2  
  78  9:17  Dark Templar x2  
  68  9:59  Stalker x3  
  70  10:00  Stalker x4  
  70  10:01  Stalker x2  
  82  10:49  Nexus  
  82  10:52  Pylon  
  82  10:54  Pylon, Assimilator  
  82  10:55  Assimilator  
  82  11:15  Dark Templar  
  82  11:16  Dark Templar x4  
  92  11:34  Stalker x4  
  86  12:20  Stalker  
  86  12:21  Stalker x5  
  86  12:22  Stalker  
  100  12:26  Probe  
  100  12:29  Probe  
  102  12:30  Probe  
  101  12:37  Probe  
  101  12:42  Probe x2  
  104  12:47  Probe  
Show
View Real Time Build Order
Export as new Build Order

BlackNova Protoss - Winner!

Build Orders: Cannon Rush 

Get SALT Encoding   

  12  0:01  Probe (Chrono Boost)  
  13  0:11  Probe (Chrono Boost)  
  14  0:20  Pylon  
  14  0:26  Probe (Chrono Boost)  
  15  0:43  Forge  
  15  1:01  Pylon  
  15  1:05  Probe (Chrono Boost)  
  15  1:10  Pylon  
  16  1:15  Probe (Chrono Boost)  
  17  1:20  Photon Cannon  
  17  1:30  Photon Cannon  
  17  1:40  Pylon  
  17  1:49  Photon Cannon  
  17  1:54  Probe (Chrono Boost)  
  18  2:04  Assimilator  
  18  2:05  Probe (Chrono Boost)  
  19  2:18  Photon Cannon  
  19  2:25  Assimilator  
  19  2:29  Pylon  
  19  2:37  Photon Cannon  
  19  2:41  Pylon  
  19  2:53  Photon Cannon  
  19  3:09  Gateway  
  19  3:12  Probe (Chrono Boost)  
  19  3:30  Probe (Chrono Boost)  
  21  3:41  Probe (Chrono Boost)  
  21  3:52  Probe (Chrono Boost)  
  22  3:56  Cybernetics Core  
  22  3:57  Pylon  
  22  4:10  Pylon  
  22  4:11  Probe (Chrono Boost)  
  23  4:21  Probe (Chrono Boost)  
  24  4:34  Stargate  
  24  4:36  Mothership Core (Chrono Boost)  
  26  4:56  Probe (Chrono Boost)  
  27  5:00  Photon Cannon  
  27  5:06  Probe (Chrono Boost)  
  28  5:18  Fleet Beacon  
  28  5:35  Nexus  
  28  5:42  Pylon  
  28  6:00  Photon Cannon  
  28  6:07  Assimilator  
  28  6:14  Carrier (Chrono Boost)  
  34  6:24  Graviton Catapult  
  34  6:53  Stargate  
  34  6:57  Pylon  
  34  7:07  Probe  
  35  7:16  Assimilator  
  35  7:18  Probe  
  36  7:28  Probe  
  35  7:34  Mothership Core  
  34  7:39  Probe  
  33  7:49  Probe, Pylon  
  32  7:55  Pylon  
  32  8:00  Probe  
  33  8:10  Probe  
  34  8:21  Probe  
  35  8:29  Stargate  
  35  8:46  Stargate  
  35  8:55  Fleet Beacon  
  34  9:14  Probe  
  35  9:25  Probe  
  36  9:35  Probe  
  49  9:46  Carrier (Chrono Boost)  
  49  9:55  Carrier (Chrono Boost)  
  55  11:01  Carrier (Chrono Boost)  
  61  11:08  Nexus  
  61  11:41  Pylon  
  61  11:46  Pylon  
  61  11:48  Pylon  
  61  11:51  Photon Cannon  
  61  11:57  Photon Cannon  
  67  12:15  Pylon  
  67  12:17  Gateway  
  67  12:20  Probe  
  67  12:22  Assimilator  
  68  12:30  Probe  
  69  12:41  Probe  
  70  12:52  Probe  
Show
View Real Time Build Order
Export as new Build Order

Metasapien Zerg - Winner!

Build Orders: Hatch First 

Get SALT Encoding   

  12  0:01  Drone  
  13  0:36  Hatchery  
  13  0:39  Overlord  
  12  0:43  Drone  
  12  0:47  Drone  
  14  0:53  Extractor  
  14  0:54  Drone  
  14  1:01  Drone  
  15  1:14  Drone  
  16  1:25  Spawning Pool  
  15  1:27  Drone  
  16  1:34  Drone  
  17  1:45  Drone  
  18  1:49  Drone  
  19  1:54  Drone  
  20  2:02  Drone  
  21  2:08  Hatchery  
  21  2:12  Drone  
  21  2:14  Drone  
  22  2:24  Queen  
  24  2:30  Metabolic Boost  
  24  2:39  Queen  
  24  2:42  Drone  
  27  2:48  Drone  
  27  2:50  Overlord  
  28  2:54  Extractor  
  27  2:59  Overlord  
  27  3:08  Drone  
  27  3:09  Drone  
  27  3:10  Overlord  
  29  3:16  Zergling x4  
  31  3:21  Drone  
  32  3:27  Queen  
  34  3:36  Zergling x4  
  34  3:39  Lair  
  36  3:44  Zergling x4  
  38  3:53  Drone x2, Spine Crawler  
  39  3:56  Drone  
  40  4:16  Roach Warren  
  39  4:17  Drone x2  
  39  4:18  Drone  
  39  4:20  Drone x2  
  39  4:22  Drone x3  
  47  4:24  Zergling x2  
  48  4:37  Overlord x2  
  48  4:39  Drone x2  
  48  4:40  Drone  
  48  4:42  Drone  
  48  4:43  Drone  
  48  4:45  Drone  
  54  4:47  Drone  
  54  4:48  Drone  
  54  4:57  Zergling x2  
  54  4:58  Zergling x8  
  55  5:01  Roach  
  57  5:09  Drone, Extractor  
  57  5:10  Drone x2, Extractor  
  57  5:13  Drone  
  58  5:18  Hydralisk Den  
  57  5:24  Overseer  
  57  5:26  Drone x2  
  57  5:27  Drone  
  57  5:28  Drone  
  61  5:34  Spine Crawler  
  61  5:35  Spine Crawler  
  59  5:36  Drone x3  
  59  5:37  Spore Crawler  
  59  5:40  Drone  
  59  5:41  Drone x2  
  64  5:45  Spore Crawler, Spine Crawler  
  62  5:50  Evolution Chamber  
  62  5:56  Evolution Chamber  
  60  5:59  Drone x2  
  60  6:00  Drone x2  
  64  6:06  Muscular Augments, Glial Reconstitution  
  64  6:07  Infestation Pit, Hydralisk  
  64  6:08  Hydralisk  
  64  6:10  Hydralisk  
  69  6:18  Queen x2  
  73  6:26  Zerg Missile Weapons Level 1  
  73  6:31  Drone  
  73  6:32  Overlord x2  
  74  6:39  Extractor  
  70  6:45  Overlord x3  
  66  6:50  Hydralisk  
  66  6:51  Roach, Hydralisk  
  66  6:52  Roach  
  65  7:01  Hydralisk  
  60  7:03  Zergling x12  
  68  7:21  Hydralisk  
  68  7:22  Roach x2  
  60  7:28  Roach x2  
  58  7:30  Zergling x2  
  58  7:31  Zergling x6  
  60  7:39  Zergling x2  
  60  7:40  Zergling x4  
  60  7:43  Roach  
  61  7:46  Roach  
  61  7:47  Queen  
  50  8:15  Roach  
  50  8:16  Roach x2  
  52  8:32  Spine Crawler  
  51  8:35  Spine Crawler  
  51  8:38  Spine Crawler  
  51  8:40  Spine Crawler  
  48  8:51  Hatchery  
  47  8:56  Hydralisk x3  
  47  8:57  Hydralisk  
  47  8:58  Roach  
  55  9:12  Hydralisk x2  
  59  9:21  Overseer  
  59  9:37  Drone  
  60  10:04  Hatchery  
  60  10:06  Extractor  
  58  10:09  Drone, Queen, Extractor  
  60  10:23  Hatchery  
  60  10:27  Pneumatized Carapace  
  59  10:41  Zerg Ground Armor Level 1  
  59  10:49  Queen  
  61  10:56  Drone x3  
  64  11:09  Queen  
  66  11:15  Drone x6  
  66  11:16  Drone x6  
  66  11:17  Queen  
  80  11:18  Drone  
  81  11:34  Hydralisk x5  
  81  11:35  Hydralisk  
  93  11:45  Zergling x2  
  93  11:46  Zergling x12  
  76  11:58  Hydralisk x3  
  76  11:59  Roach, Hydralisk  
  76  12:10  Queen  
  76  12:12  Drone  
  76  12:13  Drone x2  
  81  12:18  Overlord x3  
  81  12:33  Drone x2  
  81  12:34  Drone  
  81  12:35  Drone  
  81  12:36  Drone x2  
  83  12:39  Extractor  
  83  12:41  Drone x4  
  83  12:42  Extractor  
Show
View Real Time Build Order
Export as new Build Order

Yao Terran 

Build Orders:  

Get SALT Encoding   

  12  0:01  SCV  
  13  0:13  SCV  
  14  0:21  Supply Depot  
  14  0:25  SCV  
  15  0:31  Refinery  
  15  0:43  SCV  
  15  0:47  Barracks  
  16  0:58  SCV  
  17  1:12  SCV  
  18  1:35  Barracks  
  18  1:36  Orbital Command  
  18  1:42  Refinery  
  18  2:02  Barracks Reactor  
  18  2:05  Factory  
  18  2:18  SCV  
  19  2:23  Barracks Tech Lab  
  19  2:30  SCV  
  19  2:34  Factory  
  20  2:41  Marine x2  
  22  2:49  SCV, Supply Depot  
  23  2:56  Factory Tech Lab  
  23  3:10  Marine x2  
  23  3:11  Marauder, SCV, Supply Depot  
  28  3:31  Factory Tech Lab  
  28  3:32  Marauder  
  28  3:33  Starport, Supply Depot  
  30  3:40  Siege Tank  
  33  3:57  Siege Tank  
  36  4:06  SCV  
  37  4:10  Supply Depot  
  37  4:18  SCV  
  38  4:27  Stimpack  
  38  4:29  Starport Reactor  
  38  4:30  SCV  
  39  4:42  Engineering Bay  
  36  5:11  Siege Tank x2, Command Center  
  42  5:29  SCV  
  43  5:41  SCV  
  44  5:44  Terran Infantry Weapons Level 1  
  44  5:46  Engineering Bay  
  44  5:52  Marauder, Marine x2  
  48  6:10  Marine x2  
  50  6:13  Marauder  
  52  6:27  Marine  
  52  6:28  Marine  
  54  6:35  Marauder  
  53  6:58  Medivac x2  
  56  7:34  Marauder, Marine x2  
  59  7:43  Medivac x2  
  63  7:51  Siege Tank  
  63  7:52  Siege Tank, Marine  
  70  8:23  Barracks  
  70  8:27  Marine  
  70  8:28  Marine  
  70  8:30  Marauder, Barracks  
  54  8:45  Marine  
  54  8:46  Marine  
  50  8:51  Marine  
  46  9:03  Marine  
  46  9:04  Marine  
  46  9:08  Orbital Command  
  46  9:09  Marine  
  45  9:21  Marine  
  45  9:22  Marine  
  47  9:24  Orbital Command  
  47  9:26  Marine  
  48  9:39  Marine  
  48  9:40  Marine  
  48  9:45  Marauder  
  44  9:48  Orbital Command  
  38  9:57  Marine  
  38  9:58  Marine  
  40  10:06  Marauder  
  40  10:14  Marine  
  40  10:15  Marine  
  42  10:28  Marauder  
  44  10:32  Marine  
  45  10:49  Marauder  
  47  11:02  Marine  
  47  11:03  Marine  
  49  11:10  Marauder  
  49  11:20  Marine  
  49  11:21  Marine  
  50  11:32  Marauder  
Show
View Real Time Build Order
Export as new Build Order

Fan Terran 

Build Orders:  

Get SALT Encoding   

  12  0:01  SCV  
  13  0:15  Supply Depot  
  13  0:18  SCV  
  14  0:30  SCV  
  15  0:38  Barracks  
  15  0:42  SCV  
  16  0:48  Refinery  
  16  0:54  SCV  
  17  1:06  SCV  
  18  1:18  SCV  
  19  1:26  Supply Depot, Marine  
  19  1:31  Orbital Command  
  20  1:36  Refinery  
  20  1:44  Barracks  
  20  1:49  Marine  
  21  1:55  Supply Depot  
  21  2:07  Marine  
  22  2:11  SCV  
  23  2:35  Barracks Reactor  
  23  2:38  SCV  
  23  2:40  Barracks Tech Lab  
  24  2:51  SCV  
  25  2:59  Marauder  
  25  3:00  Concussive Shells, Factory  
  25  3:03  SCV  
  28  3:11  Marine  
  28  3:12  Marine  
  30  3:21  Marauder  
  32  3:30  Marine  
  32  3:31  Marine  
  32  3:33  SCV  
  35  3:43  Marauder  
  37  3:48  Factory Tech Lab, Marine x2  
  39  4:10  Supply Depot  
  39  4:22  Siege Tank, SCV  
  43  4:32  Supply Depot  
  43  4:45  SCV  
  44  5:02  Supply Depot  
  44  5:12  Siege Tank  
  44  5:13  SCV  
  48  5:23  Marauder, Marine x2  
  52  5:30  Starport  
  52  5:41  Marine  
  53  5:44  Marauder  
  53  5:45  Marine  
  56  5:55  Command Center  
  56  5:59  Marine  
  57  6:06  Starport Reactor, Marauder  
  59  6:13  SCV  
  59  6:16  Supply Depot  
  60  6:35  Marauder  
  60  6:36  Marine x2  
  60  6:39  SCV  
  65  6:48  Barracks  
  65  6:53  Marine  
  65  6:57  Marauder  
  61  7:36  Marauder, Marine x2  
  64  7:38  Barracks Tech Lab  
  64  7:41  Medivac x2  
  54  7:54  Marine x2  
  54  7:57  Marauder  
  38  8:11  Medivac  
  38  8:19  Marauder  
  36  8:20  SCV  
  35  8:32  Marine  
  29  8:56  Command Center  
  23  9:37  Barracks Tech Lab  
  23  9:38  Supply Depot  
  23  9:43  Supply Depot  
  19  10:07  Marine  
  20  10:19  Supply Depot  
  20  10:21  Supply Depot  
  20  10:25  Marine  
  21  10:41  Refinery  
  21  10:43  Marine  
  21  10:48  Supply Depot  
  20  11:00  Marine  
  17  11:27  SCV  
  18  11:35  Refinery  
  18  11:39  SCV  
  15  12:22  SCV  
  13  12:34  SCV  
  12  12:46  SCV  
Show
View Real Time Build Order
Export as new Build Order

DMR Zerg 

Build Orders: Pool First 

Get SALT Encoding   

  12  0:01  Drone  
  13  0:12  Overlord  
  13  0:18  Drone  
  14  0:34  Drone x2  
  16  0:35  Drone  
  17  0:47  Extractor  
  16  0:50  Spawning Pool  
  15  0:59  Drone x2  
  17  1:28  Hatchery  
  17  1:29  Drone  
  17  1:37  Zergling x4  
  19  1:52  Zergling x4  
  21  1:55  Metabolic Boost  
  20  2:09  Queen  
  21  2:20  Drone  
  22  2:23  Overlord x2  
  22  2:44  Zergling x6  
  25  2:55  Zergling x4  
  26  3:10  Zergling x4  
  22  3:31  Drone x2  
  22  3:32  Drone  
  22  3:33  Drone  
  26  3:55  Zergling x4  
  28  4:01  Extractor  
  27  4:02  Roach Warren  
  27  4:03  Lair  
  26  4:18  Drone x3  
  29  4:25  Hatchery  
  27  5:04  Overlord x2  
  27  5:05  Hatchery  
  26  5:07  Roach x3  
  26  5:08  Roach  
  34  5:22  Glial Reconstitution  
  34  5:25  Nydus Network  
  34  5:27  Roach  
  35  5:31  Queen  
  37  5:44  Queen  
  37  5:46  Roach  
  41  5:58  Roach x2  
  45  6:07  Roach  
  45  6:08  Roach  
  49  6:20  Roach  
  49  6:21  Roach  
  53  6:39  Roach x3  
  59  6:54  Nydus Canal  
  59  6:56  Roach  
  61  7:08  Overlord  
  61  7:09  Roach  
  63  7:20  Spine Crawler  
  61  7:36  Zergling x2, Roach  
  66  7:37  Zergling x2, Roach  
  59  8:00  Zergling x4, Roach x2  
  57  8:15  Zergling x2, Roach x2  
  60  8:26  Zergling x2  
  59  8:27  Zergling x4  
  62  8:34  Ravager x2  
  62  8:39  Zergling x2  
  59  8:57  Zergling x10  
  37  9:32  Drone x7  
  41  9:43  Drone  
  42  9:59  Drone x3  
  46  10:00  Drone  
  46  10:03  Extractor  
  45  10:15  Hydralisk Den, Drone x2  
  45  10:16  Drone  
  45  10:20  Extractor  
  46  10:35  Evolution Chamber  
  45  10:48  Zergling x2  
  45  10:49  Zergling x16  
  47  11:09  Hydralisk x2  
  50  11:13  Overseer x2  
  42  11:46  Hydralisk  
  44  11:47  Zergling x2  
  44  11:48  Zergling x2  
  44  11:58  Drone  
  45  12:05  Pneumatized Carapace  
  45  12:15  Drone  
  41  12:39  Drone  
  41  12:40  Drone x8  
Tags
 
Add a new tag
Caveats
  • Supply blocks, unpowered buildings, or Contaminate may cause inaccurate times.
  • Supply counts are checked every 10 seconds.